 Dungeon Crawl Stone Soup version 0.25.0-26-g0c896c7088 (webtiles) character file.

Game seed: 15750799735898508761

11207 xccam the Nimble (level 11, -1/63 HPs)
             Began as a Tengu Conjurer on July 1, 2020.
             Was a Priest of Vehumet.
             Slain by a flying skull (4 damage)
             ... in a Gauntlet.
             The game lasted 00:41:09 (15102 turns).

xccam the Nimble (Tengu Conjurer)                  Turns: 15102, Time: 00:41:11

Health: -1/63      AC: 13    Str:  9    XL:     11   Next: 74%
Magic:  2/21       EV: 18    Int: 19    God:    Vehumet [***...]
Gold:   493        SH:  0    Dex: 14    Spells: 5/22 levels left

rFire    + . .     SeeInvis .   n - staff of wizardry
rCold    . . .     Gourm    .   (no shield)
rNeg     + . .     Faith    .   I - +3 ring mail
rPois    .         Spirit   .   (helmet restricted)
rElec    .         Reflect  .   E - +2 cloak
rCorr    .         Harm     .   D - +0 pair of gloves
MR       .....     NoTele   +   (boots unavailable)
Stlth    ++........             C - amulet of regeneration
HPRegen  0.60/turn              b - ring of positive energy
MPRegen  0.17/turn              o - ring of protection from fire

@: mighty, brilliant, berserk cooldown, flying quickly and evasively, slowed,
very slow
A: beak, talons 3, able to fly
a: Stop Flying, Renounce Religion


You were in a Gauntlet.
You worshipped Vehumet.
Vehumet was most pleased with you.
You were hungry.

You visited 2 branches of the dungeon, and saw 12 of its levels.
You also visited: Gauntlet.

You collected 605 gold pieces.
You spent 112 gold pieces at shops.

Inventory:

Armour
 D - a +0 pair of gloves (worn)
 E - a +2 cloak (worn)
 I - a +3 ring mail (worn)
Magical Staves
 n - an uncursed staff of wizardry (weapon)
Jewellery
 b - a ring of positive energy (left hand)
 o - a ring of protection from fire (right hand)
 u - an uncursed ring of flight
 v - an uncursed ring of resist corrosion
 C - an amulet of regeneration (around neck)
Wands
 j - a wand of clouds (1)
 s - a wand of disintegration (10)
 w - a wand of flame (27)
 x - a wand of digging (6)
 z - a wand of random effects (31)
 J - a wand of enslavement (8)
Scrolls
 a - a scroll of amnesia
 f - 4 scrolls of teleportation
 g - 3 scrolls of enchant armour
 h - 3 scrolls of immolation
 p - 3 scrolls of remove curse
 r - a scroll of brand weapon
 y - a scroll of fear {unknown}
 B - 2 scrolls of magic mapping
 F - a scroll of enchant weapon
 G - a scroll of identify
 H - 3 scrolls of fog
Potions
 d - 4 potions of brilliance
 e - a potion of haste
 k - a potion of might
 t - a potion of mutation
Comestibles
 c - 26 rations


   Skills:
 - Level 5.0 Fighting
 + Level 6.5 Staves
 - Level 4.0 Armour
 - Level 10.0 Dodging
 - Level 4.0 Stealth
 - Level 6.0 Spellcasting
 - Level 8.0 Conjurations
 - Level 5.0 Hexes
 - Level 5.0 Translocations
 - Level 4.0 Air Magic
 - Level 4.0 Poison Magic


You had 5 spell levels left.
You knew the following spells:

 Your Spells              Type           Power        Failure   Level  Hunger
a - Magic Dart            Conj           ####         1%          1    None
b - Searing Ray           Conj           ######       1%          2    None
c - Dazzling Flash        Conj/Hex       #####.       1%          3    None
d - Iskenderun's Mystic   Conj/Tloc      #####...     2%          4    None
e - Shock                 Conj/Air       ####         1%          1    None
f - Mephitic Cloud        Conj/Pois/Air  #####...     1%          3    None
g - Inner Flame           Hex/Fire       ###.....     3%          3    None

Your spell library contained the following spells:

 Spells                   Type           Power        Failure   Level  Hunger
 Stone Arrow              Conj/Erth      ####..       2%          3    None
 Corona                   Hex            #####..      1%          1    None
 Conjure Flame            Conj/Fire      ####....     2%          3    None
 Fulminant Prism          Conj/Hex       #####.....   2%          4    None
 Poisonous Vapours        Pois/Air       ####..       3%          2    None
 Confusing Touch          Hex            #####...     4%          3    None
 Tukima's Dance           Hex            #####...     4%          3    None
 Ensorcelled Hibernation  Hex/Ice        ###...       6%          2    None
 Summon Small Mammal      Summ           #...         12%         1    None
 Summon Guardian Golem    Hex/Summ       ###.....     12%         3    None
 Call Imp                 Summ           #.......     17%         2    None
 Call Canine Familiar     Summ           #.......     32%         3    None
 Summon Lightning Spire   Summ/Air       ###.....     43%         4    None
 Summon Ice Beast         Ice/Summ       #.......     71%         4    None
 Freezing Cloud           Conj/Ice/Air   ####......   58%         6    None
 Ring of Flames           Chrm/Fire      #.........   100%        7    None


Dungeon Overview and Level Annotations

Branches:
Dungeon (11/15)            Temple (1/1) D:4            Lair (0/6) D:8
Gauntlet (1/1)
    Orc: D:9-12

Altars:
Ashenzari
Cheibriados
Dithmenos
Elyvilon
Fedhas
Gozag
Hepliaklqana
Kikubaaqudgha
Makhleb
Nemelex Xobeh
Okawaru
Qazlal
Ru
Sif Muna
Trog
Uskayaw
Vehumet
Wu Jian
Xom
Yredelemnul
Zin
The Shining One

Shops:
D:4 !   D:6 %

Annotations:
Gauntlet 7 transporters, 1 runed translucent door


Innate Abilities, Weirdness & Mutations

You have a beak for a mouth.
You have claws for feet.
You can fly continuously.


Message History

The flying skull barely misses you. x2; The flying skull closely misses you.
The flying skull hits you.
* * * LOW HITPOINT WARNING * * *
The flying skull closely misses you. The flying skull misses you.
Unknown command.
Evoke which item? (* to show all) (? for menu, Esc to quit)
Aiming: Disintegrate
Press: ? - help, Shift-Dir - straight line, f/p - flying skull
Aim: a flying skull (severely damaged, chance to defeat MR: 65%)
Okay, then.
Unknown command.
As you read the scroll labeled YBBEAF CERGHY, it crumbles to dust.
It is a scroll of brand weapon.
You aren't carrying any weapons that can be branded.
The flying skull misses you. x2; The flying skull hits you.
* * * LOW HITPOINT WARNING * * *
The flying skull barely misses you.
The flying skull hits you but does no damage. x2
The flying skull hits you.
You die...

#####...#.......z.#...##
....#...#.##.z.##.#.∩.≈#
###.#####=.##z##..#...##
....#...#$..#z#...#...≈#
#####©.©#©..#©....#©8.##
#^.^#...#z.z#.#...#...≈#
#.#.#####z.##.##..#...##
.^#©#...#.##...##z#§∩.§#
#####...#.....zz@z#...##
... ..###########...≈#
8.. ................##
... .8.....8.....8.##
...............§#
...#########...##
..#....ZZZ#...≈#
##=####..#...##


You could see 4 flying skulls, a harpy simulacrum and 2 centaur warrior
simulacra.

Vanquished Creatures
  A hydra (D:9)
  3 two-headed ogres
  The ghost of Dirian the Cleaver, a novice MiFi of Makhleb (D:10)
  A cyclops (D:8)
  A kobold demonologist (D:10)
  2 dream sheep (D:10)
  A hippogriff (D:8)
  Sigmund (D:5)
  7 flying skulls (Gauntlet)
  2 wraiths (D:10)
  2 yaks (D:10)
  5 orc warriors
  2 porcupines (D:8)
  2 sky beasts
  4 ice beasts
  A phantom (D:5)
  An eye of draining (D:10)
  2 black bears (D:9)
  A necrophage (D:9)
  4 ogres
  4 centaurs
  9 big kobolds (D:10)
  7 bullfrogs
  Blork the orc (D:5)
  A gnoll sergeant (D:10)
  A water moccasin skeleton (D:5)
  4 killer bees (D:8)
  A howler monkey (D:7)
  3 crimson imps
  4 jellies
  2 bullfrog zombies
  4 hounds
  A quasit (D:7)
  3 orc priests
  6 orc wizards
  A gnoll shaman (D:5)
  5 worker ants
  A killer bee zombie (D:4)
  A hound skeleton (D:7)
  A hound zombie (D:5)
  2 worker ant zombies
  A howler monkey zombie (D:5)
  10 gnolls
  12 adders
  2 shadow imps
  11 oozes
  2 worms
  2 dart slugs
  4 leopard geckos
  23 orcs
  A ball python (D:2)
  5 giant cockroaches
  5 goblins
  7 hobgoblins
  8 jackals
  5 quokkas
  6 bats
  4 frilled lizards
  12 kobolds
  A leopard gecko zombie (D:5)
  6 rats
233 creatures vanquished.

Vanquished Creatures (collateral kills)
  2 big kobolds (D:10)
2 creatures vanquished.

Vanquished Creatures (others)
  2 flying skulls (Gauntlet)
  9 fungi
  A plant (D:10)
  8 toadstools (D:3)
20 creatures vanquished.

Grand Total: 255 creatures vanquished

Notes
Turn   | Place    | Note
-------+----------+-------------------------------------------
     0 | D:1      | xccam the Tengu Conjurer began the quest for the Orb.
     0 | D:1      | Reached XP level 1. HP: 10/10 MP: 4/4
   138 | D:1      | Reached XP level 2. HP: 15/15 MP: 0/6
   304 | D:1      | Learned a level 2 spell: Searing Ray
   984 | D:2      | Reached XP level 3. HP: 19/19 MP: 1/7
  1535 | D:2      | Reached XP level 4. HP: 24/24 MP: 6/8
  2547 | D:3      | Gained mutation: You can fly continuously. [Tengu growth]
  2547 | D:3      | Reached XP level 5. HP: 28/28 MP: 6/11
  2860 | D:3      | Reached skill level 1 in Staves
  3060 | D:3      | Reached skill level 3 in Dodging
  3060 | D:3      | Reached XP level 6. HP: 5/32 MP: 10/13
  3938 | D:4      | Found a staircase to the Ecumenical Temple.
  3956 | Temple   | Entered the Ecumenical Temple
  4007 | Temple   | Became a worshipper of Vehumet
  4200 | D:4      | Found a sacrificial altar of Ru.
  4559 | D:4      | Found Qytsifucsy's Distillery.
  4563 | D:4      | Bought a potion of heal wounds for 70 gold pieces
  4563 | D:4      | Bought a potion of curing for 42 gold pieces
  4574 | D:4      | Reached skill level 4 in Dodging
  4953 | D:5      | Entered Level 5 of the Dungeon
  4953 | D:5      | Noticed Sigmund
  4978 | D:5      | Reached XP level 7. HP: 33/36 MP: 6/14
  4982 | D:5      | Killed Sigmund
  4982 | D:5      | Reached skill level 5 in Dodging
  5308 | D:5      | Reached skill level 5 in Staves
  5511 | D:5      | Learned a level 3 spell: Dazzling Flash
  5516 | D:5      | Learned a level 4 spell: Iskenderun's Mystic Blast
  5551 | D:5      | Reached XP level 8. HP: 13/41 MP: 15/15
  5946 | D:5      | Noticed Blork the orc
  5951 | D:5      | Killed Blork the orc
  6077 | D:5      | Reached skill level 6 in Dodging
  6129 | D:5      | Reached skill level 1 in Translocations
  6158 | D:5      | Reached skill level 1 in Armour
  6158 | D:5      | Reached skill level 1 in Hexes
  6178 | D:5      | Reached * piety under Vehumet
  6178 | D:5      | Offered knowledge of Sandblast by Vehumet.
  6961 | D:5      | Found a glowing silver altar of Zin.
  6962 | D:5      | Found an opulent altar of Gozag.
  7258 | D:6      | Found Rofrof's Food Shop.
  7674 | D:6      | Found a shimmering altar of Xom.
  7921 | D:6      | Found an ancient bone altar of Kikubaaqudgha.
  7926 | D:6      | Found a glowing golden altar of the Shining One.
  7927 | D:6      | Found a burning altar of Makhleb.
  7927 | D:6      | Found a hide-covered altar of Uskayaw.
  7927 | D:6      | Found an ornate altar of the Wu Jian Council.
  7927 | D:6      | Found a shattered altar of Ashenzari.
  7929 | D:6      | Found a shadowy altar of Dithmenos.
  7930 | D:6      | Found a sacrificial altar of Ru.
  7931 | D:6      | Found a hazy altar of Hepliaklqana.
  7932 | D:6      | Found a white marble altar of Elyvilon.
  8523 | D:7      | Reached XP level 9. HP: 45/45 MP: 11/16
  9109 | D:7      | Reached skill level 7 in Dodging
  9586 | D:8      | Noticed a cyclops
  9604 | D:8      | Killed a cyclops
  9742 | D:8      | Reached ** piety under Vehumet
  9791 | D:8      | Offered knowledge of Shock by Vehumet.
  9805 | D:8      | Learned a level 1 spell: Shock
  9822 | D:8      | Reached skill level 1 in Air Magic
  9928 | D:8      | Noticed a two-headed ogre
 10256 | D:8      | Reached skill level 5 in Fighting
 10256 | D:8      | Reached XP level 10. HP: 58/59 MP: 13/17
 10408 | D:8      | Found a staircase to the Lair.
 10452 | D:8      | Learned a level 3 spell: Mephitic Cloud
 10514 | D:8      | Killed a two-headed ogre
 10514 | D:8      | Reached skill level 1 in Poison Magic
 11096 | D:9      | Offered knowledge of Inner Flame by Vehumet.
 11400 | D:9      | Reached *** piety under Vehumet
 11688 | D:9      | Noticed a two-headed ogre
 11703 | D:9      | Killed a two-headed ogre
 11703 | D:9      | Reached skill level 5 in Spellcasting
 12467 | D:10     | Entered Level 10 of the Dungeon
 12907 | D:10     | Found a basalt altar of Yredelemnul.
 12912 | D:10     | Learned a level 3 spell: Inner Flame
 12987 | D:10     | Noticed a two-headed ogre
 13120 | D:9      | Killed a two-headed ogre
 13120 | D:9      | Reached skill level 5 in Hexes
 13120 | D:9      | Reached skill level 5 in Translocations
 13120 | D:9      | Reached XP level 11. HP: 29/63 MP: 4/19
 13551 | D:10     | Noticed a three-headed hydra
 13812 | D:10     | Reached skill level 8 in Dodging
 13989 | D:9      | Killed a three-headed hydra
 14071 | D:10     | Found a runed translucent gate.
 14072 | D:10     | Found a runed translucent gate.
 14072 | D:10     | Noticed Dirian's ghost (novice MiFi)
 14073 | D:10     | Found a runed translucent gate.
 14094 | D:10     | Reached skill level 9 in Dodging
 14168 | D:10     | Killed Dirian's ghost
 14417 | D:10     | Offered knowledge of Stone Arrow by Vehumet.
 14417 | D:10     | Reached skill level 10 in Dodging
 14627 | D:10     | Found an ancient bone altar of Kikubaaqudgha.
 14868 | D:10     | Found a glowing golden altar of the Shining One.
 14911 | D:11     | Found a gate leading to a gauntlet.
 14916 | Gauntlet | Entered a Gauntlet
 14916 | Gauntlet | Found a transporter.
 14919 | Gauntlet | Found a transporter.
 14921 | Gauntlet | Found a transporter.
 14924 | Gauntlet | Found a transporter.
 14924 | Gauntlet | Noticed a death drake
 14929 | Gauntlet | Found a transporter.
 14931 | Gauntlet | Found a transporter.
 14934 | Gauntlet | Noticed a death drake
 14941 | Gauntlet | Noticed an anaconda
 14944 | Gauntlet | Found a transporter.
 14944 | Gauntlet | Noticed a great orb of eyes
 14944 | Gauntlet | an anaconda changed into a great orb of eyes
 14947 | Gauntlet | Noticed a queen ant
 14947 | Gauntlet | a great orb of eyes changed into a queen ant
 14949 | Gauntlet | Found a runed translucent door.
 14955 | Gauntlet | Noticed a catoblepas
 14957 | Gauntlet | Noticed an azure jelly
 14957 | Gauntlet | a catoblepas changed into an azure jelly
 14959 | Gauntlet | Found a transporter.
 14963 | Gauntlet | Noticed a minotaur
 14963 | Gauntlet | an azure jelly changed into a minotaur
 14969 | Gauntlet | Noticed a catoblepas
 14969 | Gauntlet | a minotaur changed into a catoblepas
 14975 | Gauntlet | Noticed a swamp dragon
 14975 | Gauntlet | a guardian serpent changed into a swamp dragon
 14975 | Gauntlet | Noticed an orb spider
 14975 | Gauntlet | an eye of draining changed into an orb spider
 14979 | Gauntlet | a swamp dragon changed into a redback
 15098 | Gauntlet | HP: 3/63 [flying skull (11)]
 15102 | Gauntlet | Slain by a flying skull

Illustrated notes

Levels and vault maps discovered:
D:1:      psy_arrival_basics, layout_basic
D:2:      layout_basic, minmay_hexomino_u4
D:3:      cheibrodos_fertilizer, layout_loops_ring, grunt_ministairs_12,
          kennysheep_boxes
D:4:      layout_gridville, minmay_temple_entry_statues, serial_shops,
          nicolae_shop_trees, first_ration, nicolae_ru_the_path_less_chosen
D:5:      minmay_skewed_foursquare, layout_basic,
          grunt_temple_overflow_gold_and_silver, uniq_sigmund,
          uniq_blork_the_orc
D:6:      layout_loops_ring, minitemple, serial_shops, shop_statue,
          kennysheep_generic_room_4
D:7:      layout_loops_ring
D:8:      layout_basic, grunt_lair_entry_orc_guard_hut
D:9:      layout_layer_cave
D:10:     layout_grid_maze, gammafunk_ghost_nasty_kobolds, hangedman_ranch
          [blue_anna_fruit_fields], minmay_crystal_room,
          hangedman_feature_mirror, tso_altar
D:11:     layout_roguey, david_orc_2, gauntlet_entry_generic,
          hangedman_abyss_or_decor_jellyfish_corner
Temple:   jpeg_temple_island
Gauntlet: minmay_gauntlet_mixed_oops_all_seconds
          [minmay_gauntlet_arena_77_chump_sandwich,
          gammafunk_gauntlet_arena_split_x, minmay_gauntlet_arena_77_box,
          nicolae_gauntlet_arena_flowing_pool, minmay_gauntlet_arena_77_path,
          nicolae_gauntlet_arena_quarters, gauntlet_exit_watery]

Skill      XL: |  1  2  3  4  5  6  7  8  9 10 11 |
---------------+----------------------------------+-----
Conjurations   | 6 7 8 |  8.0
Spellcasting   | 3 4 5 6 |  6.0
Staves         | 1 3 5 6 |  6.5
Dodging        | 3 4 5 6 7 10 | 10.0
Translocations | 2 3 5 |  5.0
Armour         | 2 4 |  4.0
Hexes          | 2 3 5 |  5.0
Fighting       | 5 |  5.0
Stealth        | 4 |  4.0
Air Magic      | 3 4 |  4.0
Poison Magic   | 4 |  4.0

Action                   |  1- 3 |  4- 6 |  7- 9 | 10-12 || total
-------------------------+-------+-------+-------+-------++-------
Melee: Unarmed           |     7 |       |       |       ||     7
       Kick              |     2 |    23 |    55 |    69 ||   149
       Peck              |     2 |    13 |    44 |    43 ||   102
       Staff             |     7 |    85 |   233 |   297 ||   622
 Cast: Magic Dart        |    42 |    49 |   133 |    41 ||   265
       Searing Ray       |     4 |    11 |    27 |    29 ||    71
       Shock             |       |       |     8 |    83 ||    91
       Mephitic Cloud    |       |       |       |    14 ||    14
       Iskenderun's Myst |       |       |       |     7 ||     7
       Inner Flame       |       |       |       |     3 ||     3
 Abil: Fly               |       |     1 |       |       ||     1
Evoke: Wand              |       |       |       |    14 ||    14
  Use: Scroll            |       |    12 |       |     6 ||    18
       Potion            |       |     1 |     1 |    15 ||    17
 Stab: Distracted        |     1 |     2 |       |       ||     3
       Sleeping          |       |     3 |     4 |     1 ||     8
       Paralysed         |       |       |       |    22 ||    22
       Confused          |       |       |       |     1 ||     1
  Eat: Chunk             |     3 |    10 |    17 |    13 ||    43
       Ration            |       |       |       |     1 ||     1
Armor: Robe              |     1 |     8 |     1 |       ||    10
       Ring mail         |       |       |    66 |   104 ||   170
       Skin              |       |       |       |   116 ||   116
Dodge: Dodged            |     9 |    81 |   188 |   291 ||   569
